 Dungeon Crawl Stone Soup version 0.31-a0-1074-g0b22e4e0f1 (webtiles) character file.

Game seed: 16341314212065215449

846 grandjackal the Trooper (level 8, -1/87 HPs)
             Began as an Ogre Warper on Nov 29, 2023.
             Succumbed to a killer bee's poison
             ... on level 3 of the Dungeon.
             The game lasted 00:10:32 (4743 turns).

grandjackal the Trooper (Ogre Warper)               Turns: 4743, Time: 00:10:33

Health: -1/87      AC:  8    Str: 16    XL:     8   Next: 0%
Magic:  2/12       EV:  9    Int: 16    God:
Gold:   195        SH:  0    Dex:  8    Spells: 3/13 levels left

rFire   . . .        r - +1 morningstar
rCold   . . .        (no shield)
rNeg    . . .        b - +1 robe
rPois   .            (helmet restricted)
rElec   .            (no cloak)
rCorr   .            (gloves unavailable)
SInv    .            (boots unavailable)
Will    .....        (no amulet)
Stlth   +            f - +4 ring of slaying
HPRegen 0.34/turn    k - +4 ring of protection
MPRegen 0.13/turn

%: no passive effects
@: lethally poisoned (-1 -> -13), on blink cooldown, hasted, very quick
A: large, unfitting armour, tough skin 1
a: no special abilities


You were on level 3 of the Dungeon.
You visited 1 branch of the dungeon, and saw 5 of its levels.

You collected 195 gold pieces.

Inventory:

Hand Weapons
 a - a +0 mace
 r - a +1 morningstar (weapon)
Missiles
 d - 7 darts of dispersal (quivered)
 m - 3 poisoned darts
Armour
 b - a +1 robe (worn)
Jewellery
 f - a +4 ring of slaying (left hand)
 j - a ring of wizardry
 k - a +4 ring of protection (right hand)
Wands
 t - a wand of flame (11)
Scrolls
 c - a scroll of blinking
 e - a scroll of butterflies {unknown}
 i - a scroll of enchant weapon
 p - a scroll of torment
 q - a scroll of fog {unknown}
Potions
 g - a potion of brilliance
 s - 2 potions of mutation


   Skills:
 + Level 7.0 Fighting
 + Level 4.7 Maces & Flails
 - Level 1.0 Throwing
 - Level 2.1 Dodging
 - Level 3.1 Spellcasting
 + Level 5.2 Translocations


You had 3 spell levels left.
You knew the following spells:

 Your Spells              Type           Power      Damage    Failure   Level
a - Blink                 Tloc           38%        N/A       3%          2
b - Manifold Assault      Tloc           19%        N/A       22%         4
c - Vhi's Electric Charg  Tloc/Air       20%        N/A       54%         4

Your spell library contained the following spells:

 Spells                   Type           Power      Damage    Failure   Level
 Apportation              Tloc           38%        N/A       2%          1
 Lesser Beckoning         Tloc           38%        N/A       3%          2
 Teleport Other           Tloc           19%        N/A       7%          3
 Scorch                   Fire           4%         2d5       28%         2
 Summon Guardian Golem    Hex/Summ       2%         N/A       50%         3
 Flame Wave               Conj/Fire      2%         2d4       88%         4
 Leda's Liquefaction      Hex/Erth       1%         N/A       88%         4
 Summon Cactus Giant      Summ           1%         N/A       100%        6
 Disjunction              Tloc           9%         N/A       100%        8


Dungeon Overview and Level Annotations

Branches:
Dungeon (5/15)
 Temple: D:4-7

Altars:


Innate Abilities, Weirdness & Mutations

You are too large for most types of armour.
You have tough skin. (AC +1)


Message History

The killer bee attacks as it pursues you!
The killer bee stings you but does no damage.
The killer bee barely misses you.
There is a stone staircase leading up here.
* * * LOW HITPOINT WARNING * * *
You feel very sick. The killer bee closely misses you.
You climb upwards.
* * * LOW HITPOINT WARNING * * *
You feel very sick.
There is a stone staircase leading down here.
You feel much better.
You feel sick.
The killer bee stings you but does no damage. x2
Casting: Blink (safe; 3% risk of failure)
Confirm with . or Enter, or press ? or * to list all spells.
You blink.
You feel very sick. The killer bee stings you.
* * * LOW HITPOINT WARNING * * *
Unknown command.
You feel sick.
There is a stone staircase leading up here.
You feel sick.
The killer bee stings you but does no damage.
The killer bee closely misses you.
You climb upwards.
You feel sick.
There is a stone staircase leading down here.
You closely miss the killer bee.
You feel sick. The killer bee stings you.
* * * LOW HITPOINT WARNING * * *
You closely miss the killer bee.
You feel sick. The killer bee stings you.
* * * LOW HITPOINT WARNING * * *
The killer bee stings you!
* * * LOW HITPOINT WARNING * * *
You are more poisoned.
The killer bee poisons you!
Unknown command.
Okay, then.
You hit the killer bee.
The killer bee is moderately wounded.
You die...

## #.#.##.######
.# #.#.##..>...#
.#####.#.#######.#
.......#...# #.#
######.###.# #.#
#.# #.# #.# #.#
#)# #.# #.# #.#
#.# ######.# #.#
#@# .......# #.#
#y# ######## #.#
#.# # #.# #.# #
#.# #.# # #.# #.#
# ##.# #.# # #..#
#.#
#########.######.#


You could see a killer bee.

Vanquished Creatures
  Duvessa (D:4)
  2 ice beasts (D:5)
  A scorpion (D:4)
  Dowan (D:4)
  2 killer bees
  A jelly (D:4)
  An orc priest (D:2)
  2 sleepcaps
  An iguana (D:2)
  3 orc wizards
  3 gnolls
  4 adders
  2 ufetubi (D:5)
  A worm (D:2)
  2 dart slugs
  10 orcs
  8 ball pythons
  5 endoplasms
  7 giant cockroaches
  8 goblins
  8 hobgoblins
  A quokka (D:1)
  6 bats
  3 frilled lizards
  4 kobolds
  3 rats (D:1)
90 creatures vanquished.

Notes
Turn   | Place    | Note
-------+----------+-------------------------------------------
     0 | D:1      | grandjackal the Ogre Warper began the quest for the Orb.
     0 | D:1      | Reached XP level 1. HP: 22/22 MP: 3/3
   204 | D:1      | Reached XP level 2. HP: 26/29 MP: 5/5
   207 | D:1      | Learned a level 2 spell: Blink
   222 | D:1      | Reached skill level 3 in Fighting
   411 | D:1      | Reached XP level 3. HP: 37/37 MP: 7/7
   858 | D:2      | Reached XP level 4. HP: 25/46 MP: 8/8
   941 | D:2      | Learned a level 4 spell: Manifold Assault
  1659 | D:3      | Reached skill level 4 in Fighting
  1875 | D:2      | Reached XP level 5. HP: 55/55 MP: 9/9
  1882 | D:2      | Learned a level 4 spell: Vhi's Electric Charge
  1986 | D:3      | Found a faded altar of an unknown god.
  2384 | D:4      | Reached skill level 5 in Fighting
  2384 | D:4      | Reached XP level 6. HP: 52/66 MP: 10/10
  2860 | D:4      | Noticed Dowan
  2884 | D:5      | Entered Level 5 of the Dungeon
  3050 | D:4      | Noticed Duvessa
  3066 | D:4      | Killed Duvessa
  3067 | D:4      | Reached XP level 7. HP: 64/74 MP: 11/11
  3135 | D:4      | Killed Dowan
  3136 | D:4      | Reached skill level 6 in Fighting
  4389 | D:5      | Reached skill level 5 in Translocations
  4426 | D:5      | Identified a scroll of acquirement
  4426 | D:5      | Acquired Tefyh's Reference Book on Enchanted Space
  4712 | D:5      | Reached skill level 7 in Fighting
  4712 | D:5      | Reached XP level 8. HP: 87/87 MP: 7/12
  4742 | D:3      | HP: 2/87 [killer bee (7)]
  4743 | D:3      | Succumbed to a killer bee's poison

Illustrated notes

Levels and vault maps discovered:
D:1:      scummos_arrival_checkerplants, layout_rooms, nicolae_the_louvre
D:2:      layout_basic, kennysheep_cross_bottleneck
D:3:      layout_loops_ring, shapermc_ecumenical_altar_petra, item_on_display_a
D:4:      layout_basic, uniq_duvessa
D:5:      layout_layer_cave, hellmonk_ghost_happy_afterlife, serial_bayou_lake_a

Skill      XL: |  1  2  3  4  5  6  7 |
---------------+----------------------+-----
Maces & Flails | 2 3 4 |  4.7
Fighting       | 3 4 5 7 |  7.0
Translocations | 3 4 5 |  5.2
Spellcasting   | 3 |  3.1
Throwing       | |  1.0
Dodging        | |  2.1

Action                     |  1- 3 |  4- 6 |  7- 9 || total
---------------------------+-------+-------+-------++-------
  Melee: Mace              |    71 |   156 |       ||   227
         Punch             |     1 |       |       ||     1
         Morningstar       |       |    17 |    73 ||    90
   Cast: Blink             |       |     1 |     3 ||     4
         Manifold Assault  |       |       |     2 ||     2
  Evoke: Wand              |       |       |     6 ||     6
    Use: Scroll            |       |     4 |     6 ||    10
         Potion            |       |     1 |     5 ||     6
 Armour: Robe              |    50 |   141 |   133 ||   324
  Dodge: Dodged            |    27 |    87 |    71 ||   185

Table legend: (Time is in decaauts)
 A = Elapsed time spent in this place.
 B = Non-inter-level travel time spent in this place.
 C = Inter-level travel time spent in this place.
 D = Time resting spent in this place.
 E = Time spent auto-exploring this place.
 F = Levels seen in this place.
 G = Mean time per level.
                   A        B        C        D        E       F      G
               +--------+--------+--------+--------+--------+-----+--------+
         Total |   4802 |   4572 |    230 |   1083 |   2520 |   5 |  960.4 |
       Dungeon |   4802 |   4572 |    230 |   1083 |   2520 |   5 |  960.4 |
               +--------+--------+--------+--------+--------+-----+--------+

Top non-repeatable levels by time:
     D:4: 1685 daAuts
     D:3: 983 daAuts
     D:2: 895 daAuts
     D:5: 645 daAuts
     D:1: 593 daAuts
